 Dungeon Crawl Stone Soup version 0.31-a0-986-g5e6e4ef867 (webtiles) character file.

Game seed: 9003472311514172822

5984 Danienth the Mimic (level 10, -15/96 HPs)
             Began as a Troll Shapeshifter on Nov 8, 2023.
             Was an Initiate of Trog.
             Demolished by an ice devil (22 damage)
             ... summoned by a kobold demonologist
             ... on level 9 of the Dungeon.
             The game lasted 00:33:26 (7488 turns).

Danienth the Mimic (Troll Shapeshifter)             Turns: 7488, Time: 00:33:26

Health: -15/96     AC:  3    Str: 24    XL:     10   Next: 55%
Magic:  9/9        EV: 11    Int:  6    God:    Trog [......]
Gold:   194        SH:  0    Dex: 13    Spells: 9/9 levels left

rFire   . .          .
                       - Unarmed
rCold   . . .        (shield currently unavailable)
rNeg    . . .        F - +0 steam dragon scales
rPois   .            (helmet restricted)
rElec   .            y - +0 cloak
rCorr   .            (gloves unavailable)
SInv    +            (boots unavailable)
Will    .....        B - amulet of the acrobat
Stlth   ++           P - ring of see invisible
HPRegen 1.16/turn    (no ring)
MPRegen 0.11/turn

%: acrobat
@: blade hands
A: large, unfitting armour, (claws 3), regeneration 1, shaggy fur 1, tough skin
1
a: Begin Untransformation, Renounce Religion


You were on level 9 of the Dungeon.
You worshipped Trog.
Trog was noncommittal.
You had blades for hands.
You visited 2 branches of the dungeon, and saw 10 of its levels.

You collected 467 gold pieces.
You spent 273 gold pieces at shops.

Inventory:

Hand Weapons
 p - a +3 rapier
 I - a +6 battleaxe
Missiles
 i - 18 boomerangs (quivered)
 t - 25 poisoned darts
 L - a curare-tipped dart
 M - a javelin
 N - a throwing net
Armour
 a - a +0 animal skin
 y - a +0 cloak (worn)
 F - +0 steam dragon scales (worn)
 H - a scarf of shadows
Jewellery
 B - an amulet of the acrobat (around neck)
 P - a ring of see invisible (left blade hand)
Talismans
 c - a beast talisman
 d - a flux talisman
 v - a blade talisman (active)
Wands
 x - a wand of polymorph (9)
 D - a wand of paralysis (15)
 K - a wand of roots (13)
Scrolls
 e - 2 scrolls of enchant armour
 f - a scroll of noise
 h - a scroll of silence
 k - 2 scrolls of teleportation
 m - 2 scrolls of immolation {unknown}
 n - a scroll of blinking {unknown}
 o - 2 scrolls of fear
 q - 2 scrolls of fog
 s - 2 scrolls of brand weapon
 u - 2 scrolls of poison
 w - 3 scrolls of vulnerability {unknown}
 G - 4 scrolls of identify
Potions
 b - 4 potions of lignification
 j - a potion of brilliance
 l - a potion of might
 r - 3 potions of enlightenment
 z - 2 potions of mutation {unknown}
 A - a potion of invisibility {unknown}
 C - 2 potions of degeneration {unknown}
 E - a potion of ambrosia {unknown}
 O - a potion of curing
Miscellaneous
 g - a box of beasts


   Skills:
 + Level 5.5 Fighting
 + Level 4.9 Dodging
 - Level 2.0 Stealth
 + Level 6.2 Unarmed Combat
 + Level 0.9 Evocations
 - Level 11.0 Shapeshifting


You had 9 spell levels left.
You didn't know any spells.
Your spell library contained the following spells:

 Spells                   Type           Power      Damage    Failure   Level
 Blink                    Tloc           0%         N/A       58%         2
 Lesser Beckoning         Tloc           0%         N/A       58%         2
 Momentum Strike          Conj/Tloc      0%         3d8       58%         2
 Poisonous Vapours        Pois/Air       0%         N/A       58%         2
 Gell's Gravitas          Tloc           0%         N/A       83%         3
 Mephitic Cloud           Conj/Pois/Air  0%         N/A       83%         3
 Stone Arrow              Conj/Erth      0%         3d7       83%         3
 Summon Guardian Golem    Hex/Summ       0%         N/A       83%         3
 Teleport Other           Tloc           0%         N/A       83%         3
 Animate Armour           Summ/Erth      0%         N/A       99%         4
 Iskenderun's Mystic Bla  Conj/Tloc      0%         2d3       99%         4
 Freezing Cloud           Conj/Ice/Air   0%         6-21      100%        5
 Dispersal                Tloc           0%         N/A       100%        6
 Orb of Destruction       Conj           0%         9d5       100%        7
 Spellforged Servitor     Conj/Summ      0%         N/A       100%        7
 Disjunction              Tloc           0%         N/A       100%        8
 Lehudib's Crystal Spear  Conj/Erth      0%         10d2      100%        8


Dungeon Overview and Level Annotations

Branches:
Dungeon (9/15)             Temple (1/1) D:7
   Lair: D:8-11         Orc: D:9-12

Altars:
Cheibriados
Dithmenos
Elyvilon
Fedhas
Gozag
Hepliaklqana
Kikubaaqudgha
Makhleb
Nemelex Xobeh
Okawaru
Qazlal
Ru
Trog
Uskayaw
Vehumet
Wu Jian
Yredelemnul
Zin
The Shining One

Shops:
D:3 ?   D:4 ?   D:6 [:**   D:8 (

Annotations:
D:4 Pikel


Innate Abilities, Weirdness & Mutations

You have blades for hands.
You are incapable of wielding weapons or throwing items.
You are too large for most types of armour.
((You have claws for hands.))
Your natural rate of healing is unusually fast.
You are covered in fur. (AC +1)
You have tough skin. (AC +1)


Message History

The troll closely misses you. The troll completely misses you.
The troll barely misses you.
The kobold demonologist casts a spell.
You slash the kobold demonologist!
Your slash misses the kobold demonologist.
The kobold demonologist is heavily wounded.
The troll closely misses you. The troll claws you! x2
The kobold demonologist mumbles some strange words.
You hit the kobold demonologist.
The kobold demonologist is severely wounded.
The ice devil hits you! The ice devil freezes you! The troll bites you.
The troll barely misses you. The troll claws you.
The kobold demonologist gestures wildly while chanting.
You are too injured to fight recklessly!
You are too injured to fight recklessly!
You are too injured to fight recklessly!
You are too injured to fight recklessly!
Okay, then.
The ice devil completely misses you. The troll attacks as it pursues you!
The troll closely misses you. The troll claws you!
The troll closely misses you.
The kobold demonologist attacks as it pursues you!
The kobold demonologist misses you.
There is an open door here.
The ice devil attacks as it pursues you!
The ice devil completely misses you.
The iron imp shouts, "Scamper hence, thou pandering rude-growing efter!"
Slash: -) Blade hands
Press: ? - help, Dir - move target, f - ice devil
Aim: an ice devil (summoned, about 33% to evade your blade hands)
You slice the ice devil!! You slash the ice devil.
The ice devil is heavily wounded.
The ice devil hits you!
* * * LOW HITPOINT WARNING * * *
The ice devil freezes you!
* * * LOW HITPOINT WARNING * * *
You feel better. The ice devil hits you!
* * * LOW HITPOINT WARNING * * *
The ice devil freezes you!!
You die...

+######## ........#
#######
.......5#####.....#
......5TK4@.#.....#
.......5###.#.....#
........# #.#.....#
###+##### #.'.....+
###.....# ###'###
#..# ##+#####
###'##### #......#
####.......#


You could see an ice devil (summoned), a kobold demonologist, a troll, 2 iron
imps and a shadow imp (summoned).

Vanquished Creatures
  A flying skull (D:7)
  Sigmund (D:6)
  A wyvern (D:9)
  9 yaks
  3 steam dragons (D:7)
  A water moccasin (D:6)
  2 orc warriors
  2 sky beasts (D:8)
  A black bear (D:6)
  2 ogres
  An elephant zombie (D:7)
  2 phantoms
  2 centaurs
  2 kobold brigands
  4 lemures
  6 bullfrogs
  2 gnoll sergeants (D:8)
  4 scorpions
  8 wights
  2 howler monkeys
  2 centaur zombies (D:7)
  A hound (D:5)
  4 jellies
  6 orc priests
  2 sleepcaps
  3 iguanas
  7 orc wizards
  2 ogre zombies (D:7)
  2 hound zombies (D:7)
  5 howler monkey zombies (D:7)
  32 gnolls
  9 adders
  2 ufetubi (D:6)
  2 adder zombies (D:7)
  6 worms
  4 dart slugs
  29 orcs
  8 bats
  8 endoplasms
  A giant cockroach (D:3)
  4 goblins
  2 hobgoblins
  2 quokkas
  3 training dummies (D:8)
  4 ball pythons
  2 frilled lizards (D:1)
  13 kobolds
  7 rats
228 creatures vanquished.

Notes
Turn   | Place    | Note
-------+----------+-------------------------------------------
     0 | D:1      | Danienth the Troll Shapeshifter began the quest for the
                  | Orb.
     0 | D:1      | Reached XP level 1. HP: 18/18 MP: 0/0
    21 | D:1      | Reached skill level 1 in Fighting
   127 | D:1      | Reached XP level 2. HP: 22/27 MP: 1/1
   507 | D:2      | Found a basalt altar of Yredelemnul.
   544 | D:2      | Reached XP level 3. HP: 29/35 MP: 2/2
   898 | D:2      | Reached XP level 4. HP: 42/42 MP: 3/3
   951 | D:2      | Reached skill level 4 in Shapeshifting
  1110 | D:3      | Identified the "Uclalyc"
  1110 | D:3      | Noticed a centaur
  1118 | D:3      | Killed a centaur
  1119 | D:3      | Reached XP level 5. HP: 35/53 MP: 4/4
  1171 | D:3      | Learned a level 2 spell: Momentum Strike
  1185 | D:3      | Found Tirphelu's Magic Scroll Emporium.
  1569 | D:3      | You fall into a shaft and drop 1 floor!
  1596 | D:4      | Reached XP level 6. HP: 36/61 MP: 5/5
  1678 | D:3      | You fall into a shaft and drop 2 floors!
  1678 | D:5      | Entered Level 5 of the Dungeon
  1711 | D:5      | Reached skill level 5 in Unarmed Combat
  1718 | D:5      | Reached XP level 7. HP: 19/67 MP: 6/6
  1839 | D:3      | You fall into a shaft and drop 2 floors!
  1945 | D:5      | Found a glowing silver altar of Zin.
  2144 | D:5      | Found an ancient bone altar of Kikubaaqudgha.
  2676 | D:4      | Reached XP level 8. HP: 75/75 MP: 7/7
  2697 | D:4      | Noticed Pikel
  2772 | D:3      | Bought a scroll of identify for 28 gold pieces
  2772 | D:3      | Bought a scroll of enchant armour for 105 gold pieces
  2772 | D:3      | Bought a scroll of teleportation for 42 gold pieces
  2772 | D:3      | Bought a scroll of teleportation for 42 gold pieces
  2772 | D:3      | Bought a scroll of poison for 56 gold pieces
  2795 | D:3      | You fall into a shaft and drop 2 floors!
  3142 | D:4      | Found Carph's Magic Scroll Shoppe.
  3244 | D:4      | Reached skill level 5 in Shapeshifting
  3514 | D:3      | You fall into a shaft and drop 3 floors!
  3522 | D:6      | Noticed Sigmund
  3547 | D:6      | Killed Sigmund
  3548 | D:6      | Reached skill level 1 in Stealth
  3738 | D:6      | Found Mach's General Store.
  3771 | D:6      | Reached skill level 6 in Shapeshifting
  3912 | D:6      | Found Asyoruu's Assorted Antiques.
  4007 | D:6      | Reached XP level 9. HP: 77/85 MP: 8/8
  4031 | D:6      | Found Wooriby's Antique Armour Shoppe.
  4090 | D:6      | Found Quwk's Book Shoppe.
  4383 | D:3      | You fall into a shaft and drop 3 floors!
  4477 | D:3      | You fall into a shaft and drop 2 floors!
  4526 | D:3      | You fall into a shaft and drop 3 floors!
  4605 | D:3      | You fall into a shaft and drop 2 floors!
  4669 | D:3      | You fall into a shaft and drop 3 floors!
  4710 | D:7      | Reached skill level 7 in Shapeshifting
  4815 | D:7      | Found a white marble altar of Elyvilon.
  5184 | D:7      | Reached skill level 5 in Fighting
  5240 | D:7      | Reached skill level 8 in Shapeshifting
  5244 | D:7      | HP: 2/88 [yak (12)]
  5464 | D:7      | Reached skill level 9 in Shapeshifting
  5717 | D:7      | Found a basalt altar of Yredelemnul.
  5774 | D:7      | Reached XP level 10. HP: 67/96 MP: 9/9
  5835 | D:7      | Identified the +1 chain mail of Qestana {Harm *Corrode
                  | rElec Int+5}
  5962 | D:7      | Found a staircase to the Ecumenical Temple.
  5968 | Temple   | Entered the Ecumenical Temple
  6096 | D:8      | Found Vuehuem's Firing Range.
  6100 | D:8      | Reached skill level 10 in Shapeshifting
  6463 | D:8      | Found a shadowy altar of Dithmenos.
  6894 | D:8      | Found a bloodstained altar of Trog.
  6901 | D:8      | Became a worshipper of Trog the Wrathful
  6907 | D:8      | Reached skill level 11 in Shapeshifting
  7488 | D:9      | Demolished by an ice devil

Illustrated notes

Levels and vault maps discovered:
D:1:      psy_arrival_terrarium, layout_rooms
D:2:      layout_loops_ring, basic_altar, st_stairs_10, chequers_jeans,
          mrwooster_statue_mirror, minmay_mini_jars
D:3:      layout_rooms, serial_shops, shop, chequers_garden, nicolae_wormholes
D:4:      layout_cave_pools, serial_shops, nicolae_shop_tiny_glass,
          minmay_curled_crystal, uniq_pikel
D:5:      layout_loops_ring, mainiacjoe_overflow_concentric_impassable,
          zin_academy
D:6:      layout_basic, serial_shops, nicolae_stop_n_shop_2,
          kennysheep_mini_moat, nicolae_shop_advertising_works
          [nicolae_subvault_shop_adworks], nicolae_shop_real_fake_doors,
          uniq_sigmund
D:7:      layout_loops_cross, elyvilon_altar_5,
          minmay_temple_entry_enclosed_plants, chequers_serial_rivers_room_a,
          roadster_capsule_ark_zombie
D:8:      layout_basic, nicolae_dithmenos_the_darkroom, trog_butcher_becter,
          nicolae_shop_firing_range
D:9:      layout_roguey, orc_0_dummy, special_room [special_room_orc],
          serial_shops, shop
Temple:   eino_temple_lava

Skill      XL: |  1  2  3  4  5  6  7  8  9 10 |
---------------+-------------------------------+-----
Fighting       | 1 2 3 4 5 |  5.5
Shapeshifting  | 4 6 9 11 | 11.0
Unarmed Combat | 4 6 |  6.2
Dodging        | 4 |  4.9
Stealth        | 2 |  2.0
Evocations     | |  0.9

Action                     |  1- 3 |  4- 6 |  7- 9 | 10-12 || total
---------------------------+-------+-------+-------+-------++-------
  Melee: Unarmed           |    78 |    82 |   333 |   154 ||   647
         Punch             |       |     1 |     9 |     8 ||    18
  Throw: Boomerang         |       |       |    37 |     2 ||    39
         Dart              |       |       |     4 |       ||     4
Ability: Begin Untransform |       |       |     1 |     1 ||     2
    Use: Scroll            |     4 |       |    10 |       ||    14
         Potion            |       |       |     8 |     1 ||     9
   Stab: Sleeping          |       |     1 |     3 |     1 ||     5
         Distracted        |       |       |     1 |       ||     1
 Armour: Animal skin       |    52 |    90 |   179 |       ||   321
         Steam dragon scal |       |       |    52 |   102 ||   154
  Dodge: Dodged            |    34 |    33 |   168 |   103 ||   338
   Form: Beast             |       |       |     1 |       ||     1
         Blade             |       |       |       |     1 ||     1

Table legend: (Time is in decaauts)
 A = Elapsed time spent in this place.
 B = Non-inter-level travel time spent in this place.
 C = Inter-level travel time spent in this place.
 D = Time resting spent in this place.
 E = Time spent auto-exploring this place.
 F = Levels seen in this place.
 G = Mean time per level.
                   A        B        C        D        E       F      G
               +--------+--------+--------+--------+--------+-----+--------+
         Total |   7440 |   6582 |    858 |    915 |   4219 |  10 |  744.0 |
       Dungeon |   7405 |   6580 |    825 |    915 |   4219 |   9 |  822.8 |
        Temple |     34 |      1 |     33 |      0 |      0 |   1 |   34.0 |
               +--------+--------+--------+--------+--------+-----+--------+

Top non-repeatable levels by time:
     D:8: 1344 daAuts
     D:7: 1302 daAuts
     D:5: 955 daAuts
     D:3: 939 daAuts
     D:6: 879 daAuts
     D:4: 777 daAuts
     D:2: 667 daAuts
     D:1: 437 daAuts
     D:9: 102 daAuts
  Temple: 34 daAuts
